wizbiz, neutral female human Wizard ------------- |.).........| |...........| --------------- |<..........| |.............| #............-######## ------------- #..............| #|...........| # |..........*| #|.............| %|...........| ##......*.....| #|.......>.....| #------------- |...--.--...| #---------.----- ## |...|.{.|...| ### # |..*|{.{|`..| # # -...|.{.|...-# # # |...-----...|/ -----# # |..I..`.....|@## |...|# -----# |`.........`| # |...-##` |...|# ------------- ##-^..|# |....# -----# |..^| ################### ----- wizbiz the Thaumaturge Experience level: 8 Strength: 13 Dexterity: 13 Constitution: 15 Intelligence: 18 Wisdom: 12 Charisma: 13 Health: 0(56) Energy: 55(74) Def: 1 Gold: 24 Moves: 7395 Dungeon seed: NHy4Q9d08AUY4BBG Game ID: wizbiz_1528575841 Your Inventory: Coins $ - 24 gold pieces Amulets K - an uncursed amulet of magical breathing (being worn) Weapons k - a +0 dagger l - a blessed +3 quarterstaff (weapon in hands) U - a blessed +1 elven dagger (in quiver) Armor q - an uncursed +0 helmet t - an uncursed +0 pair of levitation boots E - a cursed -1 orcish helm (being worn) O - an uncursed +0 cloak of magic resistance (being worn) Comestibles g - an uncursed banana Scrolls p - an uncursed scroll of destroy armor s - an uncursed scroll of confuse monster u - an uncursed scroll of taming X - 4 uncursed scrolls of teleportation Potions o - a cursed potion of speed D - an uncursed potion of object detection Z - an uncursed potion of paralysis Rings d - an uncursed ring of teleport control w - an uncursed ring of searching Wands b - a cursed wand of cold (0:6) m - a cursed wand of create monster (0:12) B - a wand of lightning (0:4) C - a wand of create monster (0:11) P - a wand of speed monster (0:6) S - a wand of lightning (0:5) Tools a - an uncursed bag of holding e - an uncursed skeleton key n - an uncursed blindfold v - a cursed lock pick A - an uncursed bag of holding N - an uncursed tin opener Contents of the bag of holding: 1896 gold pieces 3 uncursed food rations 3 uncursed scrolls of blank paper 2 uncursed scrolls of food detection an uncursed scroll of light a cursed scroll of punishment a cursed jasper stone an uncursed worthless piece of blue glass a cursed worthless piece of blue glass 3 uncursed worthless pieces of red glass a cursed worthless piece of red glass an uncursed worthless piece of white glass a cursed worthless piece of yellow glass an uncursed worthless piece of yellowish brown glass Contents of the bag of holding: a blessed +1 arrow 18 +0 crossbow bolts 5 cursed +2 daggers 13 cursed +0 daggers 5 +0 darts a +2 elven dagger a +0 elven dagger a blessed +1 orcish dagger a blessed +0 orcish dagger 4 +0 orcish daggers a cursed +0 sling a +0 spear Spells and supernatural/magical abilities: Name Level Category Fail Memory a - force bolt 1 attack 0% 64% B - cure blindness 2 healing 59% 64% I - identify 3 divination 86% 64% L - levitation 4 escape 100% 66% W - pray for help -- divine ? -- Your skills at the end: Fighting Skills Weapon Skills quarterstaff [Basic] Spellcasting Skills attack spells [Skilled] enchantment spells [Basic] Final Attributes: You were piously aligned. You were magic-protected. You were telepathic. You could survive without air. You were unlucky. You are dead. Vanquished creatures: a black pudding a ghost a wraith 2 giant beetles a quivering blob a leprechaun 2 giant spiders an ice vortex a werewolf 2 lizards a jaguar a blue jelly a snake a Woodland-elf 4 soldier ants an imp a wood nymph a water nymph a mountain nymph 6 Mordor orcs a fog cloud a yellow light 2 shriekers a guardian naga hatchling a gray ooze 3 elf zombies a ghoul a straw golem a paper golem a baby crocodile 6 giant ants 5 floating eyes a kitten 2 homunculi 4 kobold lords 12 hill orcs a rothe a giant bat a monkey a wererat 3 iguanas 2 gas spores 3 hobbits 9 giant rats 2 brown molds 3 yellow molds a red mold 3 geckos 12 jackals 2 foxes a kobold a goblin 3 sewer rats 8 grid bugs 2 bats 10 lichens a kobold zombie 6 newts 150 creatures vanquished. Voluntary challenges: You used a wielded weapon 201 times, starting on turn 114. You read items or engraved 24 times, starting on turn 92. You never genocided any monsters. You never polymorphed an object. You never changed form. You used no wishes. You never split a pudding. You wrote Elbereth's name 1 time, starting on turn 2045. You violated your moral code, losing 19 points of alignment, starting on turn 1594. Dungeon overview: The Dungeons of Doom: levels 1 to 10 Level 1 a long staircase Level 2 an altar to Anhur Level 3 an altar to Thoth, a fountain stairs to The Gnomish Mines Level 4 a potion shop, an altar to Thoth, a sink Level 5 a hardware shop, a fountain Level 6 Level 7 Level 8 (vault) some fountains, a sink Level 9 <- You were here many fountains Level 10 The Gnomish Mines: Level 4 stairs to The Dungeons of Doom History has recorded: On T:1 you entered the Dungeons of Doom to retrieve the Amulet of Yendor! On T:33 you reached level 2 of The Dungeons of Doom. On T:302 you reached level 3 of The Dungeons of Doom. On T:563 you advanced to experience level 2. On T:913 you advanced to experience level 3. On T:975 you reached level 1 of The Gnomish Mines. On T:1104 you reached level 4 of The Dungeons of Doom. On T:1536 you advanced to experience level 4. On T:1590 you reached level 5 of The Dungeons of Doom. On T:2617 you advanced to experience level 5. On T:2650 you reached level 6 of The Dungeons of Doom. On T:3601 you advanced to experience level 6. On T:4457 you advanced to experience level 7. On T:5793 you reached level 7 of The Dungeons of Doom. On T:6116 you reached level 8 of The Dungeons of Doom. On T:6193 you reached level 9 of The Dungeons of Doom. On T:6511 you advanced to experience level 8. On T:7294 you reached level 10 of The Dungeons of Doom. Score breakdown: Gold: 1920 (11169 points) Experience: 8 levels (14739 points) Exploration: 10 levels ( 19.61%) (12727 points) Discoveries: 21 items ( 7.32%) ( 8115 points) Valuables value: (no points given unless you survive) Artifact value: 0 ( 0 points) Variety of kills: 58 monsters ( 15.22%) (11705 points) Turncount: 7395 turns (-1932 points) Survival: died (score multiplied by 80%) Total score: 45218 Latest messages: Wait! There's something there you can't see! You hit it. It hits! You hit it. You take off your blindfold. You can see! You attack thin air. You destroy the elf zombie! You hit the invisible werewolf! The invisible werewolf changes into a wolf. The invisible werewolf hits! The spell hits the invisible werewolf! The invisible werewolf bites! You kill the invisible werewolf! The bolt of lightning hits you! Your ring of invisibility turns to dust and vanishes! Your body seems to unfade completely. Your ring of see invisible turns to dust and vanishes! Your ring of protection from shape changers turns to dust and vanishes! You die... Final status: Goodbye wizbiz the Wizard, killed by a bolt of lightning... You died in The Dungeons of Doom on dungeon level 9 with 45218 points, and 1920 pieces of gold, after 7395 moves. You were level 8 with a maximum of 56 hit points when you died.